 Dungeon Crawl Stone Soup version 0.27.1-34-g3ba077fa99 (webtiles) character file.

Game seed: 15468404873161599608

359 vvl the Ruffian (level 6, -3/48 HPs)
             Began as a Draconian Transmuter on Jan 22, 2022.
             Frozen to death by an endoplasm (5 damage)
             ... on level 4 of the Dungeon.
             The game lasted 00:05:20 (3501 turns).

vvl the Ruffian (Draconian Transmuter)              Turns: 3501, Time: 00:05:21

Health: -3/48      AC:  6    Str: 15    XL:     6   Next: 37%
Magic:  9/10       EV: 16    Int: 13    God:
Gold:   158        SH:  0    Dex: 11    Spells: 10/11 levels left

rFire    . . .     SeeInvis .   d - +0 short sword
rCold    . . .     Faith    .   (no shield)
rNeg     . . .     Spirit   .   (armour unavailable)
rPois    .         Reflect  .   (helmet currently unavailable)
rElec    .         Harm     .   (no cloak)
rCorr    .         Rampage  .   (no gloves)
Will     .....                  (boots currently unavailable)
Stlth    +.........             (no amulet)
HPRegen  0.16/turn              b - +4 ring of evasion
MPRegen  0.12/turn              (no ring)

@: appendages
A: horns 2, talons 2, AC +6, unfitting armour, cold-blooded
a: End Transformation


You were on level 4 of the Dungeon.
You had temporarily grown beastly horns and talons.
You visited 1 branch of the dungeon, and saw 4 of its levels.

You collected 158 gold pieces.

Inventory:

Hand Weapons
 d - a +0 short sword (weapon)
Armour
 g - a +0 pair of boots (melded)
Magical Staves
 j - a staff of conjuration
Jewellery
 b - a +4 ring of evasion (left hand)
 i - a ring of protection from fire
Wands
 h - a wand of digging (5)
Scrolls
 e - 2 scrolls of summoning {unknown}
Potions
 a - a potion of flight {unknown}
 c - 4 potions of curing {unknown}
 f - a potion of heal wounds {unknown}


   Skills:
 + Level 1.9 Fighting
 - Level 2.2 Short Blades
 + Level 2.9 Dodging
 - Level 0.2 Stealth
 + Level 3.8 Unarmed Combat
 + Level 3.3 Spellcasting
 + Level 0.8 Conjurations
 + Level 3.2 Transmutations
 * Level 1.3 Earth Magic


You had 10 spell levels left.
You knew the following spells:

 Your Spells              Type           Power      Damage    Failure   Level
a - Beastly Appendage     Tmut           20%        N/A       6%          1

Your spell library contained the following spells:

 Spells                   Type           Power      Damage    Failure   Level
 Wereblood                Tmut           10%        N/A       9%          2
 Sandblast                Erth           10%        2d5       13%         1
 Passwall                 Tmut/Erth      6%         N/A       13%         2
 Apportation              Tloc           4%         N/A       22%         1
 Spider Form              Tmut/Pois      3%         N/A       34%         3
 Call Canine Familiar     Summ           2%         N/A       56%         3
 Portal Projectile        Hex/Tloc       4%         N/A       56%         3
 Swiftness                Air            2%         N/A       56%         3
 Ice Form                 Ice/Tmut       6%         N/A       75%         4
 Leda's Liquefaction      Hex/Erth       1%         N/A       86%         4
 Alistair's Intoxication  Tmut/Pois      4%         N/A       97%         5
 Lee's Rapid Deconstruct  Erth           2%         3d6*      98%         5
 Invisibility             Hex            1%         N/A       100%        6


Dungeon Overview and Level Annotations

Branches:
Dungeon (4/15)
 Temple: D:4-7

Altars:
Hepliaklqana

Shops:
D:1 (

Portals:
Abyss: D:4

Annotations:
D:3 2 transporters, dornbeast's ghost, amateur DsWn
D:4 1 transporter, JJisdabomb's ghost, amateur DrWr


Innate Abilities, Weirdness & Mutations

You have temporarily grown beastly horns and talons.
Your plain brown scales are hard. (AC +6)
You cannot fit into any form of body armour.
You are cold-blooded and may be slowed by cold attacks.


Message History

Menkaure seems to speed up.
The endoplasm quivers.
You hit Menkaure but do no damage.
You headbutt Menkaure, but do no damage.
Menkaure is lightly damaged.
Menkaure completely misses you.
You barely miss Menkaure. You claw Menkaure. You headbutt Menkaure.
You tail-slap Menkaure, but do no damage.
Menkaure is heavily damaged.
Menkaure hits you but does no damage.
You hit Menkaure but do no damage. You claw Menkaure.
Your headbutt misses Menkaure.
Menkaure is heavily damaged.
Menkaure hits you!
You hit Menkaure.
Menkaure is severely damaged.
Your horns disappear.
Your talons disappear.
Your +0 pair of boots unmelds from your body.
Menkaure gestures at you while chanting.
Pain shoots through your body!
You hit Menkaure. You tail-slap Menkaure.
Menkaure is almost destroyed.
Menkaure hits you!!
Ouch! That really hurt!
* * * LOW HITPOINT WARNING * * *
Menkaure barely misses you.
You hit Menkaure.
You destroy Menkaure!
Your Earth Magic skill increases to level 1!
You have reached level 6!
Your experience leads to an increase in your attributes!
Increase (S)trength, (I)ntelligence, or (D)exterity?
You feel stronger.
Your scales feel tougher.
Casting: Beastly Appendage (safe; 6% risk of failure)
Confirm with . or Enter, or press ? or * to list all spells.
You grow a pair of large bovine horns.
Your feet morph into talons.
Your +0 pair of boots melds into your body.
The endoplasm freezes you.
You are frozen.
You die...

#............#
##...........#
#..>........# #
#...........# .. ♣♣#
##..........# ...♣♣♣♣.##
#.......)..# ..=......#
##......)).#
.........#####......)..#
.......@................
..?....J...........<....
..♣♣....................
♣♣♣......############
♣....### ♣..... ♣......
♣....)..


You could see an endoplasm.

Vanquished Creatures
  Menkaure (D:4)
  A hound (D:4)
  An iguana (D:4)
  3 gnolls (D:3)
  6 adders
  A shadow imp (D:3)
  An adder skeleton (D:4)
  3 worms
  2 dart slugs (D:1)
  5 orcs
  3 ball pythons
  6 bats
  An endoplasm (D:2)
  A giant cockroach (D:1)
  6 goblins
  7 hobgoblins
  3 jackals (D:2)
  5 quokkas
  2 frilled lizards (D:1)
  7 kobolds
  9 rats
74 creatures vanquished.

Notes
Turn   | Place    | Note
-------+----------+-------------------------------------------
     0 | D:1      | vvl the Draconian Transmuter began the quest for the Orb.
     0 | D:1      | Reached XP level 1. HP: 16/16 MP: 3/3
   251 | D:1      | Reached XP level 2. HP: 23/23 MP: 3/5
   616 | D:1      | Found Nonijoc's Antique Weapon Emporium.
   964 | D:1      | Reached XP level 3. HP: 28/28 MP: 4/6
  1038 | D:1      | Found a faded altar of an unknown god.
  1663 | D:2      | Reached XP level 4. HP: 27/35 MP: 5/7
  2357 | D:3      | Found a transporter.
  2378 | D:3      | Reached skill level 1 in Short Blades
  2381 | D:3      | Noticed dornbeast's ghost (amateur DsWn)
  2604 | D:3      | Found a transporter.
  3062 | D:3      | Reached XP level 5. HP: 29/40 MP: 7/9
  3228 | D:3      | Found a hazy altar of Hepliaklqana.
  3281 | D:4      | Found a one-way gate to the infinite horrors of the Abyss.
  3281 | D:4      | Noticed JJisdabomb's ghost (amateur DrWr)
  3422 | D:4      | Found a transporter.
  3485 | D:4      | Noticed Menkaure
  3499 | D:4      | HP: 1/40 [Menkaure (22)]
  3500 | D:4      | Killed Menkaure
  3501 | D:4      | Reached skill level 1 in Earth Magic
  3501 | D:4      | Reached XP level 6. HP: 2/48 MP: 10/10
  3501 | D:4      | Frozen to death by an endoplasm

Illustrated notes

Levels and vault maps discovered:
D:1:      dpeg_arrival_rooms_b, layout_loops_corners,
          dreamdust_ecumenical_altar_grove, serial_shops, shop
D:2:      layout_loops_cross
D:3:      layout_rooms, worldfamousw_hep_ancestral_shrine,
          gammafunk_ghost_stat_death
D:4:      layout_cave_pods, minitemple, serial_forest, infiniplex_forest_end_2,
          infiniplex_forest_clump_long, infiniplex_forest_end_2,
          infiniplex_forest_lined_3, infiniplex_forest_zigzag_1,
          infiniplex_forest_lined_4_way, gammafunk_ghost_abyssal_escape,
          nrook_campfire, nicolae_take_the_stairs, uniq_menkaure, uniq_grinder

Skill      XL: |  1  2  3  4  5 |
---------------+----------------+-----
Dodging        | 2 |  2.9
Short Blades   | 1 2 |  2.2
Spellcasting   | 3 |  3.3
Transmutations | 3 |  3.2
Earth Magic    | 1 |  1.3
Fighting       | |  1.9
Stealth        | |  0.2
Unarmed Combat | |  3.8
Conjurations   | |  0.8

Action                   |  1- 3 |  4- 6 || total
-------------------------+-------+-------++-------
Melee: Unarmed           |    59 |       ||    59
       Kick              |    14 |    27 ||    41
       Headbutt          |     9 |    12 ||    21
       Tailslap          |     3 |    20 ||    23
       Punch             |     1 |     1 ||     2
       Short sword       |    56 |   141 ||   197
 Cast: Beastly Appendage |    25 |    24 ||    49
Armor: Skin              |    28 |    31 ||    59
Dodge: Dodged            |    90 |   143 ||   233
